 Dungeon Crawl Stone Soup version 0.22.0-18-ge075c0d (webtiles) character file.

11678 Gearfox the Blocker (level 11, -3/99 HPs)
             Began as a Hill Orc Fighter on Aug 18, 2018.
             Was a High Priest of Okawaru.
             Killed from afar by a gargoyle (26 damage)
             ... with a stone arrow
             ... on level 11 of the Dungeon.
             The game lasted 01:43:05 (13594 turns).

Gearfox the Blocker (Hill Orc Fighter)             Turns: 13594, Time: 01:43:06

Health: -3/99      AC: 18    Str: 27    XL:     11   Next: 81%
Magic:  13/14      EV:  5    Int:  4    God:    Okawaru [*****.]
Gold:   356        SH: 19    Dex: 13    Spells: 10/10 levels left

rFire    + . .     SeeInvis .   D - +0 falchion (flame)
rCold    + . .     Gourm    +   b - +0 large shield
rNeg     . . .     Faith    .   d - +2 plate armour {rC+}
rPois    .         Spirit   .   (helmet restricted)
rElec    .         Reflect  .   p - scarf {repulsion}
rCorr    .         Harm     .   n - +0 pair of gloves
MR       .....                  (no boots)
Stlth    ..........             q - amulet of the gourmand
HPRegen  0.26/turn              H - ring "Juigil" {+Fly rF+ Str+4 Int-4 Dex+3}
MPRegen  0.14/turn              y - +2 ring of protection

@: lethally poisoned (-3 -> -4), repel missiles
A: antennae 1, talons 1, wild magic 1
a: Heroism, Finesse, Renounce Religion, Evoke Flight


You were on level 11 of the Dungeon.
You worshipped Okawaru.
Okawaru was extremely pleased with you.
You were not hungry.

You visited 1 branch of the dungeon, and saw 12 of its levels.
You also visited: Sewer and Ossuary.

You collected 776 gold pieces.
You spent 420 gold pieces at shops.

Inventory:

Hand Weapons
 a - a +0 long sword
 l - a +0 hunting sling
 o - a +5 short sword of speed
 t - a +0 whip of flaming
 x - the +10 longbow of Articulation {freeze, rC+, unknown}
   (Okawaru gifted it to you on level 11 of the Dungeon)

   It causes projectiles fired from it to freeze those they strike, causing
   extra injury to most foes and up to half again as much damage against
   particularly susceptible opponents.
   They can also slow down cold-blooded creatures.
   It protects you from cold.
 D - a +0 falchion of flaming (weapon)
 L - a +1 scimitar of electrocution
Missiles
 e - 123 stones (quivered)
 m - 75 sling bullets
Armour
 b - a +0 large shield (worn)
 c - a +0 shield
 d - a +2 plate armour of cold resistance (worn)
 i - a +1 cloak
 n - a +0 pair of gloves (worn)
 p - a scarf of repulsion (worn)
 u - a +3 leather armour
 M - a +0 plate armour of fire resistance
Jewellery
 k - a +1 ring of evasion
 q - an amulet of the gourmand (around neck)
 y - a +2 ring of protection (right hand)
 B - an uncursed amulet of faith
 H - the ring "Juigil" (left hand) {+Fly rF+ Str+4 Int-4 Dex+3}
   (You found it on level 8 of the Dungeon)

   [ring of protection from fire]

   It affects your strength (+4).
   It affects your intelligence (-4).
   It affects your dexterity (+3).
   It protects you from fire.
   It lets you fly.
Wands
 v - a wand of enslavement (26)
 F - a wand of flame (14)
 I - a wand of paralysis (8)
Scrolls
 h - 4 scrolls of remove curse
 w - 4 scrolls of teleportation
 C - a scroll of magic mapping
 E - 2 scrolls of amnesia
 G - a scroll of blinking
 J - a scroll of identify
 K - a scroll of fear
Potions
 g - a potion of flight
 j - 2 potions of heal wounds
 r - 4 potions of cancellation
 s - 4 potions of curing
 z - a potion of magic
 A - 2 potions of agility
Comestibles
 f - 25 rations


   Skills:
 - Level 10.0 Fighting
 - Level 9.8(10.4) Short Blades
 * Level 6.0(9.1) Long Blades
 * Level 7.0 Armour
 - Level 1.0 Dodging
 * Level 11.7 Shields
 * Level 4.8 Invocations


You had 10 spell levels left.
You didn't know any spells.
Your spell library contained the following spells:

 Spells                   Type           Power        Failure   Level  Hunger
 Confusing Touch          Hex            #.....       100%        1    ##.....
 Freeze                   Ice            #...         100%        1    ##.....
 Throw Frost              Conj/Ice       #.....       100%        2    ###....
 Confuse                  Hex            #.......     100%        3    ####...
 Gell's Gravitas          Tloc           #.........   100%        3    ####...
 Ozocubu's Armour         Chrm/Ice       #.......     100%        3    ####...
 Petrify                  Tmut/Erth      #.......     100%        4    #####..
 Summon Ice Beast         Ice/Summ       #.......     100%        4    #####..
 Throw Icicle             Conj/Ice       #.......     100%        4    #####..
 Bolt of Magma            Conj/Fire/Erth #.........   100%        5    ######.
 Iskenderun's Battlesphe  Conj/Chrm      #.......     100%        5    ######.
 Metabolic Englaciation   Hex/Ice        #.........   100%        5    ######.
 Venom Bolt               Conj/Pois      #.........   100%        5    ######.
 Yara's Violent Unravell  Hex/Tmut       #.........   100%        5    ######.
 Iron Shot                Conj/Erth      #.........   100%        6    #######
 Orb of Destruction       Conj           #.........   100%        7    #######
 Spellforged Servitor     Conj/Summ      #.........   100%        7    #######


Dungeon Overview and Level Annotations

Branches:
Dungeon (12/15)            Temple (0/1) D:4
   Lair: D:8-11         Orc: D:9-12

Altars:
Ashenzari
Cheibriados
Elyvilon
Fedhas
Hepliaklqana
Kikubaaqudgha
Nemelex Xobeh
Okawaru
Qazlal
Ru
Sif Muna
Trog
Uskayaw
Vehumet
Wu Jian
Xom
Yredelemnul

Shops:
D:4 *[   D:8 [%%:


Innate Abilities, Weirdness & Mutations

You have a pair of small antennae on your head.
You have sharp toenails.
Your spells are a little harder to cast, but a little more powerful.


Message History

You feel sick.
You feel sick.
You feel sick.
You feel sick.
You see here a large rock.
Your hands slow down.
You feel sick.
The gargoyle hurls a stone arrow at you.
The stone arrow is repelled.
You see here a large rock.
The gargoyle hurls a stone arrow at you.
You block the stone arrow.
Things that are here:
a killer bee corpse; a hydra corpse; a killer bee corpse You feel sick.
You see here 3 large rocks.
You feel sick.
The gargoyle hurls a stone arrow at you.
The stone arrow hits you!
You die... #...# #...###. #...# #....... #...# #...... #...# #.....
PPP##

#...# #...#
...#. ##
#...# #...#
≈...#.#
#...###)..#
##....
#...9.(...#
......
#..@###...#
#..#####.>.#
#...#
#........(.#
#...#
#..........#
#..$#
#...####...#
#...# #...#
#...# #...#
#..(# #...#
#...# #...#
#...# #...#
#..<# #...#


You could see a gargoyle.

Vanquished Creatures
  2 hydras
  A two-headed ogre (D:11)
  A tengu warrior (D:10)
  Pikel (D:4)
  A cyclops (D:11)
  A gargoyle (D:7)
  A tengu conjurer (D:10)
  A troll (D:12)
  Grinder (D:4)
  A hornet (D:10)
  2 hippogriffs
  A spriggan (D:7)
  A shadow (D:11)
  3 yaks (D:10)
  A basilisk (D:11)
  2 hungry ghosts
  2 water moccasins
  2 ice beasts
  2 slaves (D:4)
  4 orc warriors
  3 sky beasts
  3 phantoms
  6 ogres
  6 centaurs
  2 big kobolds
  Blork the orc (D:5)
  6 bullfrogs
  An elf zombie (Ossuary)
  A gnoll sergeant (D:10)
  3 scorpions
  7 killer bees
  3 wights (D:11)
  2 howler monkeys
  6 crimson imps
  3 bullfrog zombies
  2 centaur zombies
  2 jellies
  A quasit (D:10)
  A human zombie (Ossuary)
  4 hounds
  4 orc priests
  2 bullfrog skeletons (D:5)
  3 centaur skeletons
  3 iguanas
  8 orc wizards
  7 worker ants
  3 hound zombies
  A hound skeleton (D:9)
  4 mummies (Ossuary)
  10 gnolls
  17 adders
  3 river rats (D:6)
  4 shadow imps
  2 oozes
  4 adder skeletons
  3 worms
  3 dart slugs
  3 leopard geckos
  48 orcs
  8 giant cockroaches
  A gnoll zombie (Ossuary)
  5 goblins
  3 hobgoblins
  11 jackals
  12 kobolds
  8 quokkas
  4 ball pythons
  A ball python skeleton (D:5)
  9 bats
  8 frilled lizards
  A goblin zombie (Ossuary)
  3 jackal zombies
  3 orc zombies (Ossuary)
  A quokka zombie (D:6)
  10 rats
  2 rat zombies (Ossuary)
316 creatures vanquished.

Vanquished Creatures (others)
  7 plants (D:10)
7 creatures vanquished.

Grand Total: 323 creatures vanquished

Notes
Turn   | Place    | Note
-------+----------+-------------------------------------------
     0 | D:1      | Gearfox the Hill Orc Fighter began the quest for the Orb.
     0 | D:1      | Reached XP level 1. HP: 19/19 MP: 1/1
    68 | D:1      | Reached XP level 2. HP: 26/26 MP: 2/2
   513 | D:1      | Reached XP level 3. HP: 29/31 MP: 3/3
  1930 | D:2      | Found a shattered altar of Ashenzari.
  2014 | D:2      | Found a sparkling altar of Nemelex Xobeh.
  2023 | D:2      | Found a white marble altar of Elyvilon.
  2307 | D:2      | Found a blossoming altar of Fedhas.
  2385 | D:2      | Found an iron altar of Okawaru.
  2399 | D:2      | Became a worshipper of Warmaster Okawaru
  2780 | D:3      | Reached XP level 4. HP: 39/39 MP: 4/4
  2887 | D:3      | Reached skill level 5 in Long Blades
  3141 | D:3      | Reached skill level 1 in Dodging
  3218 | D:3      | Reached XP level 5. HP: 40/46 MP: 5/5
  3941 | D:4      | Reached skill level 1 in Short Blades
  3954 | D:4      | Found a hide-covered altar of Uskayaw.
  4049 | D:4      | Reached * piety under Okawaru
  4049 | D:4      | Reached XP level 6. HP: 39/52 MP: 6/6
  4375 | D:4      | Found Viup's Antique Armour Shop.
  4458 | D:4      | Found a staircase to the Ecumenical Temple.
  4486 | D:4      | Found Gesmis's Elemental Accessories.
  4513 | D:4      | Reached skill level 4 in Shields
  4513 | D:4      | Reached XP level 7. HP: 57/59 MP: 4/7
  4837 | D:4      | Reached skill level 1 in Invocations
  4914 | D:4      | Noticed Grinder
  4920 | D:4      | Paralysed by Grinder for 2 turns
  5047 | D:4      | Paralysed by Grinder for 6 turns
  5073 | D:4      | Paralysed by Grinder for 5 turns
  5090 | D:4      | Killed Grinder
  5090 | D:4      | Reached skill level 5 in Fighting
  5090 | D:4      | Reached skill level 5 in Shields
  5434 | D:4      | Noticed Pikel
  5485 | D:4      | Killed Pikel
  5485 | D:4      | Reached ** piety under Okawaru
  5485 | D:4      | Reached skill level 6 in Shields
  5485 | D:4      | Reached XP level 8. HP: 66/73 MP: 8/8
  5540 | D:5      | Entered Level 5 of the Dungeon
  5662 | D:5      | Reached skill level 7 in Shields
  6020 | D:5      | Reached *** piety under Okawaru
  6134 | D:5      | Noticed Blork the orc
  6149 | D:5      | Killed Blork the orc
  6149 | D:5      | Reached XP level 9. HP: 81/81 MP: 9/9
  6357 | D:5      | Gained mutation: You have a pair of small antennae on your head. [potion of mutation]
  6357 | D:5      | Gained mutation: Your spells are a little harder to cast, but a little more powerful. [potion of mutation]
  6357 | D:5      | Gained mutation: You have sharp toenails. [potion of mutation]
  6747 | D:6      | Found an ancient bone altar of Kikubaaqudgha.
  6816 | D:6      | Reached skill level 5 in Short Blades
  6911 | D:6      | Noticed a moth of wrath
  6915 | D:6      | Found a bloodstained altar of Trog.
  7158 | D:6      | Found a glowing drain.
  7243 | D:6      | Reached skill level 8 in Shields
  7331 | Sewer    | Entered a sewer
  7743 | D:6      | Found a basalt altar of Yredelemnul.
  8272 | D:7      | Noticed a gargoyle
  8325 | D:7      | Killed a gargoyle
  8325 | D:7      | Reached **** piety under Okawaru
  8336 | D:7      | Reached skill level 9 in Shields
  8583 | D:7      | Reached XP level 10. HP: 80/91 MP: 10/10
  8604 | D:7      | Reached ***** piety under Okawaru
  8792 | D:7      | Found a sacrificial altar of Ru.
  8816 | D:7      | Found a sand-covered staircase.
  8847 | Ossuary  | Entered an ossuary
  9636 | D:8      | Found Koluev's Food Shop.
  9902 | D:8      | Reached skill level 10 in Shields
  9936 | D:8      | Found Eheitz's Armour Shoppe.
  9944 | D:8      | Bought a +1 plate armour of cold resistance for 420 gold pieces
  9986 | D:8      | Found Pishu's Food Emporium.
 10118 | D:8      | Found Suariu Rice's Book Shop.
 10151 | D:8      | Reached skill level 10 in Fighting
 10390 | D:8      | Received a gift from Okawaru
 10417 | D:8      | Got a coiled lapis lazuli ring
 10420 | D:8      | Identified the ring "Juigil" {+Fly rF+ Str+4 Int-4 Dex+3} (You found it on level 8 of the Dungeon)
 10554 | D:9      | Found a radiant altar of Vehumet.
 10617 | D:9      | Paralysed by an orc wizard for 6 turns
 10626 | D:9      | Paralysed by an orc wizard for 6 turns
 10741 | D:9      | Found a deep blue altar of Sif Muna.
 10753 | D:9      | Found a stormy altar of Qazlal.
 10767 | D:9      | Found a hazy altar of Hepliaklqana.
 10768 | D:9      | Found a shimmering altar of Xom.
 10773 | D:9      | Found an ornate altar of the Wu Jian Council.
 10774 | D:9      | Found a snail-covered altar of Cheibriados.
 11601 | D:10     | Entered Level 10 of the Dungeon
 12142 | D:10     | Reached XP level 11. HP: 96/99 MP: 12/12
 12185 | D:10     | Reached skill level 5 in Armour
 12223 | D:10     | Noticed a tengu warrior
 12256 | D:10     | Killed a tengu warrior
 12808 | D:11     | Noticed a two-headed ogre
 12825 | D:11     | Killed a two-headed ogre
 12825 | D:11     | Received a gift from Okawaru
 12825 | D:11     | Reached skill level 11 in Shields
 12830 | D:11     | Got a crystal longbow {god gift}
 12926 | D:11     | Noticed a cyclops
 12959 | D:11     | Killed a cyclops
 12985 | D:11     | Noticed a four-headed hydra
 13034 | D:12     | Killed a four-headed hydra
 13528 | D:11     | Noticed a seven-headed hydra
 13560 | D:11     | Killed a one-headed hydra
 13560 | D:11     | Received a gift from Okawaru
 13594 | D:11     | Killed from afar by a gargoyle

Skill      XL: |  1  2  3  4  5  6  7  8  9 10 11 |
---------------+----------------------------------+-----
Long Blades    | 3 4 5 6 |  6.0
Dodging        | 1 |  1.0
Short Blades   | 1 3 4 6 9 |  9.8
Fighting       | 4 7 9 10 | 10.0
Shields        | 4 6 7 9 10 11 | 11.7
Invocations    | 1 2 4 |  4.8
Armour         | 4 7 |  7.0

Action                   |  1- 3 |  4- 6 |  7- 9 | 10-12 || total
-------------------------+-------+-------+-------+-------++-------
Melee: Long sword        |   119 |    91 |       |       ||   210
       Short sword       |       |   117 |   456 |   565 ||  1138
       Kick              |       |       |    60 |   219 ||   279
       Falchion          |       |       |       |    48 ||    48
Invok: Heroism           |       |     1 |     3 |     5 ||     9
       Finesse           |       |       |       |     1 ||     1
  Use: Scroll            |     5 |     2 |    13 |     7 ||    27
       Potion            |     1 |     5 |     6 |     9 ||    21
  Eat: Chunk             |     2 |     6 |    24 |    10 ||    42
       Ration            |     1 |       |       |       ||     1
Armor: Scale mail        |    91 |    79 |    12 |       ||   182
       Skin              |       |     4 |       |       ||     4
       Leather armour    |       |       |    72 |    26 ||    98
       Plate armour      |       |       |       |   115 ||   115
Dodge: Dodged            |    58 |    59 |   135 |    87 ||   339
       Deflected         |       |       |     4 |     5 ||     9
Block: Shield            |    97 |    92 |   155 |   135 ||   479
       Large shield      |       |       |       |   200 ||   200
       Rpst.: Long sword |    17 |    11 |       |       ||    28
